 Dungeon Crawl Stone Soup version 0.23.0 (webtiles) character file.

Game seed: 1647467748149877606

292 Kisielow the Magician (level 6, -11/34 HPs)
             Began as a Deep Elf Fire Elementalist on Feb 19, 2019.
             Mangled by Edmund
             ... wielding a +4 flail of protection
              (19 damage)
             ... on level 4 of the Dungeon.
             The game lasted 00:09:29 (4299 turns).

Kisielow the Magician (Deep Elf Fire Elementalist)  Turns: 4299, Time: 00:09:30

Health: -11/34     AC:  2    Str:  5    XL:     6   Next: 10%
Magic:  0/15       EV: 13    Int: 22    God:
Gold:   252        SH:  0    Dex: 15    Spells: 4/15 levels left

rFire    . . .     SeeInvis .   h - +1 whip (distort)
rCold    . . .     Gourm    +   (no shield)
rNeg     . . .     Faith    .   a - +0 robe
rPois    .         Spirit   .   (no helmet)
rElec    .         Reflect  .   (no cloak)
rCorr    .         Harm     .   (no gloves)
MR       .....                  (no boots)
Stlth    ++........             j - amulet of the gourmand
HPRegen  0.11/turn              (no ring)
MPRegen  0.14/turn              (no ring)

@: no status effects
A: no striking features
a: no special abilities


You were on level 4 of the Dungeon.
You were completely stuffed.

You visited 1 branch of the dungeon, and saw 4 of its levels.

You collected 252 gold pieces.

Inventory:

Hand Weapons
 h - a +1 whip of distortion (weapon)
Armour
 a - a +0 robe (worn)
Jewellery
 j - an amulet of the gourmand (around neck)
 p - an uncursed amulet of the acrobat {unknown}
Wands
 l - a wand of random effects (20)
Scrolls
 m - a scroll of magic mapping
Potions
 d - a potion of degeneration {unknown}
 e - a potion of resistance
 f - 3 potions of might
 g - a potion of mutation {unknown}
 i - 2 potions of curing {unknown}
 k - a potion of magic {unknown}
 n - a potion of ambrosia {unknown}
 o - a potion of haste {unknown}
Comestibles
 b - 8 chunks of flesh
 c - 5 rations


   Skills:
 + Level 1.1 Fighting
 + Level 3.1 Dodging
 - Level 2.4 Stealth
 - Level 5.0 Spellcasting
 * Level 3.7 Conjurations
 * Level 4.9 Fire Magic


You had 4 spell levels left.
You knew the following spells:

 Your Spells              Type           Power        Failure   Level  Hunger
e - Inner Flame           Hex/Fire       ###.....     11%         3    ##.....
q - Flame Tongue          Conj/Fire      ###..        1%          1    None
r - Fireball              Conj/Fire      ###.......   43%         5    #####..
w - Throw Flame           Conj/Fire      ###...       2%          2    None

Your spell library contained the following spells:

 Spells                   Type           Power        Failure   Level  Hunger
 Conjure Flame            Conj/Fire      ###.....     5%          3    ##.....
 Sticky Flame             Conj/Fire      ###.....     17%         4    ####...


Dungeon Overview and Level Annotations

Branches:
Dungeon (4/15)
 Temple: D:4-7

Altars:
Dithmenos
Kikubaaqudgha

Annotations:
D:4 Edmund


Message History

An orc comes into view.
Edmund hits you with a +4 flail of protection!
You barely miss Edmund.
Edmund is lightly wounded.
Edmund says, "People think my brother is the best.
I think he's crazy."
Edmund hits you with a +4 flail of protection!
* * * LOW HITPOINT WARNING * * *
Casting: Throw Flame (safe; 2% risk of failure)
Confirm with . or Enter, or press ? or * to list all spells.
Aiming: Throw Flame (safe; 2% risk of failure)
Press: ? - help, Shift-Dir - straight line, f/p - Edmund
Aim: Edmund, wielding a +4 flail of protection and wearing a +0 ring mail (lightly wounded, unusually strong)
The puff of flame hits Edmund but does no damage.
Edmund is lightly wounded.
Edmund barely misses you.
You hit Edmund.
Space bends around Edmund.
Edmund is moderately wounded.
Edmund hits you with a +4 flail of protection!!
Ouch! That really hurt!
You die...

..# .......># ####@o##
#........ #......#
#.###..# #)##....... ##..#
#.##.#.#### #.... #o...# #
#...# ####.#### #...#
######...@..##.# #....
#......##@.....#######...#
#....†......#####.........
#.......#...# #..........(
#.......#...###.#.........
#...............######....
####.#......##### #...#
#.####..## #...# #.......#
#...# ######.## ##...#


You could see Edmund and an orc.

Vanquished Creatures
  An orc priest (D:4)
  Crazy Yiuf (D:3)
  An orc wizard (D:4)
  Ijyb (D:3)
  7 adders
  An ooze (D:1)
  5 worms
  3 dart slugs
  4 leopard geckos
  3 orcs
  3 bat zombies (D:2)
  4 giant cockroaches
  6 goblins
  6 hobgoblins
  7 jackals
  10 kobolds
  2 quokkas (D:3)
  9 bats
  7 frilled lizards
  A quokka skeleton (D:3)
  12 rats
  2 rat zombies (D:2)
  A fungus (D:3)
97 creatures vanquished.

Notes
Turn   | Place    | Note
-------+----------+-------------------------------------------
     0 | D:1      | Kisielow the Deep Elf Fire Elementalist began the quest for
                  | the Orb.
     0 | D:1      | Reached XP level 1. HP: 10/10 MP: 6/6
   205 | D:1      | Reached XP level 2. HP: 15/15 MP: 4/8
   222 | D:1      | Learned a level 2 spell: Throw Flame
   457 | D:1      | Reached skill level 4 in Spellcasting
   565 | D:1      | Reached XP level 3. HP: 19/19 MP: 5/10
   577 | D:1      | Learned a level 3 spell: Inner Flame
  1275 | D:2      | Reached XP level 4. HP: 24/24 MP: 7/12
  1771 | D:2      | Reached skill level 5 in Spellcasting
  2075 | D:2      | Found an ancient bone altar of Kikubaaqudgha.
  2161 | D:2      | Found a shadowy altar of Dithmenos.
  2475 | D:3      | Noticed Ijyb
  2496 | D:3      | Killed Ijyb
  2496 | D:3      | Reached XP level 5. HP: 13/28 MP: 0/14
  3314 | D:3      | Learned a level 5 spell: Fireball
  3621 | D:3      | Found a runed translucent door.
  3622 | D:3      | Noticed Crazy Yiuf
  3631 | D:3      | Killed Crazy Yiuf
  3932 | D:4      | Noticed Edmund
  3935 | D:4      | Reached skill level 1 in Fighting
  3935 | D:4      | Reached XP level 6. HP: 34/34 MP: 8/15
  4299 | D:4      | Mangled by Edmund

Skill      XL: |  1  2  3  4  5 |
---------------+----------------+-----
Spellcasting   | 4 5 |  5.0
Conjurations   | 2 3 |  3.7
Fire Magic     | 4 |  4.9
Fighting       | 1 |  1.1
Dodging        | 3 |  3.1
Stealth        | |  2.4

Action                   |  1- 3 |  4- 6 || total
-------------------------+-------+-------++-------
Melee: Whip              |     8 |    25 ||    33
 Cast: Flame Tongue      |    23 |    49 ||    72
       Throw Flame       |    31 |    82 ||   113
       Inner Flame       |       |     2 ||     2
  Use: Scroll            |       |    10 ||    10
  Eat: Chunk             |     2 |    21 ||    23
Armor: Robe              |     3 |    13 ||    16
Dodge: Dodged            |     9 |    23 ||    32
